 Dungeon Crawl Stone Soup version 0.21.1-1-g345015f (webtiles) character file.

6684 teukkam the Fighter (level 10, -3/172 HPs)
             Began as a Troll Monk on June 27, 2018.
             Was an Elder of Ru.
             Engulfed by a cloud of flame (16 damage)
             ... on level 5 of the Lair of Beasts.
             The game lasted 00:56:53 (9940 turns).

teukkam the Fighter (Troll Monk)                    Turns: 9940, Time: 00:56:54

Health: -3/172     AC: 25    Str: 26    XL:     10   Next: 73%
Magic:  0/9        EV:  1    Int:  6    God:    Ru [****..]
Gold:   644        SH: 10    Dex: 14    Spells: 9/9 levels left

rFire    . . .     SeeInvis .     - Unarmed
rCold    . . .     Gourm    +   E - +2 shield {rN+}
rNeg     + + +     Faith    .   (armour currently unavailable)
rPois    +         Spirit   +   (helmet currently unavailable)
rElec    .         Reflect  .   (cloak currently unavailable)
rCorr    .         Harm     .   (gloves unavailable)
MR       +....     Clarity  +   (boots unavailable) Stlth ++........NoTele +
                                l - amulet "Rofoosiv" {Spirit *Drain MR+ Str+2}
HPRegen  0.78/turn              (no ring)
MPRegen  0.11/turn              (no ring)

@: tree-form, very slightly contaminated, invisible
A: large, unfitting armour, agile 1, clarity, fast metabolism 3, gourmand,
regeneration 1, inability to train armour, no air magic, no hexes magic, no
summoning magic, inexperienced 1
a: Draw Out Power, Power Leap, Renounce Religion


You were on level 5 of the Lair of Beasts.
You worshipped Ru.
Ru was greatly pleased with you.
You were full.
You were a tree.
You visited 2 branches of the dungeon, and saw 17 of its levels.

You collected 644 gold pieces.

Inventory:

Hand Weapons
 b - a +1 hunting sling of flaming
 j - a +0 dagger of electrocution
 v - a +2 scimitar of flaming
 y - the +2 spear "Zuro" {pierce, +Blink MR+ Dex+4}
   (You found it on level 8 of the Dungeon)

   It inflicts extra damage upon your enemies.
   It affects your dexterity (+4).
   It affects your resistance to hostile enchantments.
   It lets you blink.
 J - the +0 dagger of Foyl {flame, rC+ Dex+5 Stlth+}
   (You found it on level 10 of the Dungeon)

   It has been specially enchanted to burn those struck by it, causing extra
   injury to most foes and up to half again as much damage against particularly
   susceptible opponents.
   It affects your dexterity (+5).
   It protects you from cold.
   It makes you more stealthy.
Missiles
 d - 60 poisoned needles
 r - 419 stones
 t - 5 tomahawks
 L - 2 large rocks (quivered)
Armour
 e - a scarf of repulsion (melded)
 h - a +1 robe of cold resistance
 E - a +2 shield of positive energy (worn)
 K - a +2 robe of positive energy (melded)
Magical Staves
 k - an uncursed staff of air
Jewellery
 l - the amulet "Rofoosiv" (around neck) {Spirit *Drain MR+ Str+2}
   (You found it on level 4 of the Dungeon)

   [amulet of guardian spirit]

   It causes incoming damage to be split between your health and magic.
   It affects your strength (+2).
   It affects your resistance to hostile enchantments.
   It causes draining when unequipped.
Wands
 a - a wand of polymorph (5)
 c - a wand of flame (43)
 m - a wand of random effects (31)
 G - a wand of acid (5)
Scrolls
 g - a scroll of enchant armour
 s - a scroll of fog
 u - 7 scrolls of identify
 w - 2 scrolls of fear
 x - 4 scrolls of remove curse
 C - a scroll of blinking
Potions
 f - 3 potions of flight
 n - a potion of curing
 o - a potion of lignification
 A - 2 potions of agility {unknown}
 B - 2 potions of cancellation {unknown}
 D - a potion of haste {unknown}
 F - a potion of brilliance {unknown}
Books
 I - a book of Conjurations

   Spells                             Type                      Level
   a - Magic Dart                     Conjuration                  1
   b - Searing Ray                    Conjuration                  2
   c - Dazzling Spray                 Conjuration/Hexes            3
   d - Fulminant Prism                Conjuration/Hexes            4
   e - Force Lance                    Conjuration/Translocation    4
   f - Iskenderun's Mystic Blast      Conjuration                  4
Comestibles
 i - 11 rations


   Skills:
 + Level 12.1 Fighting
 + Level 5.9 Short Blades
 - Level 7.1 Polearms
 - Level 2.4 Dodging
 - Level 1.0 Stealth
 - Level 9.5 Unarmed Combat


You had 9 spell levels left.
You didn't know any spells.

Dungeon Overview and Level Annotations

Branches:
Dungeon (11/15)            Temple (0/1) D:6            Lair (6/6) D:11
  Snake (0/4) Lair:4
  Swamp: Lair:2-4    Shoals: Lair:2-4     Slime: Lair:5-6       Orc: D:9-12

Altars:
Ashenzari
Elyvilon
Gozag
Kikubaaqudgha
Nemelex Xobeh
Okawaru
Qazlal
Ru
Trog

Shops:
D:8 *

Annotations:
D:2 Grinder
D:4 Pikel; eyesofgods1's ghost, amateur DsTm


Innate Abilities, Weirdness & Mutations

You are too large for most types of armour.
((You have claws for hands.))
Your metabolism is lightning-fast.
You like to eat raw meat.
Your natural rate of healing is unusually fast.
((You are covered in fur. (AC +1)))
((You have very tough skin. (AC +2)))
You cannot train Armour skill.
You cannot study or cast Air magic.
You cannot study or cast Hexes magic.
You cannot study or cast Summoning magic.
You are somewhat inexperienced. (-2 XL)
((You have large cloven feet.))
You are agile. (Dex +2)
You possess an exceptional clarity of mind.
((Your movements are slightly less encumbered by armour. (ER -2)))


Message History

You hit the fire crab.
The fire crab is severely wounded.
* * * LOW HITPOINT WARNING * * *
You feel sick. The fire crab breathes flames at you.
The blast of flame engulfs you!
You feel better.
* * * LOW HITPOINT WARNING * * *
The fire crab bites you but does no damage.
The fire crab claws you.
* * * LOW HITPOINT WARNING * * *
You are engulfed in flames!
* * * LOW HITPOINT WARNING * * *
You smack the fire crab!
The fire crab is almost dead.
* * * LOW HITPOINT WARNING * * *
You block the fire crab's attack. x2
You smack the fire crab!
You kill the fire crab!
You die...

### #####†#
#...†♣#
###...###
.#.....####
......S....#
.......t...#
...........#
...........#
............
............#


There were no monsters in sight!

Vanquished Creatures
  Josephine (D:10)
  Erica (D:9)
  The ghost of Exporg the Grappler, a novice TrFi of Xom (D:8)
  A two-headed ogre (D:11)
  A fire crab (Lair:5)
  The ghost of eyesofgods1 the Cruncher, a novice DgGl (D:9)
  A sea snake (D:11)
  An oklob plant (D:11)
  A cyclops (D:11)
  A black mamba (Lair:5)
  3 spiny frogs
  3 komodo dragons
  Prince Ribbit (D:5)
  3 blink frogs (Lair:4)
  2 hippogriffs
  Eustachio (D:4)
  5 wraiths (D:10)
  A wyvern (D:11)
  22 yaks
  Menkaure (D:4)
  A swamp worm (shapeshifter) (D:10)
  Edmund (D:5)
  2 porcupines
  2 water moccasins
  2 orc warriors
  A sky beast (D:10)
  2 ice beasts (D:8)
  A black bear (D:11)
  A tengu (D:10)
  An ogre (D:6)
  A necrophage (D:6)
  4 centaurs
  2 crocodiles
  A big kobold (D:10)
  Blork the orc (D:5)
  8 bullfrogs
  A water moccasin zombie (D:9)
  2 scorpions
  18 killer bees
  7 wights
  3 crimson imps
  A quasit (D:6)
  6 hounds
  4 orc priests
  3 jellies
  4 bullfrog skeletons
  8 orc wizards
  4 iguanas
  8 worker ants
  5 gnolls
  A worker ant zombie (D:6)
  11 adders
  A shadow imp (D:10)
  An ooze (D:3)
  An adder skeleton (D:8)
  3 worms
  4 dart slugs
  2 leopard geckos
  24 orcs
  3 ball pythons
  5 bats
  3 giant cockroaches
  16 goblins
  10 hobgoblins
  2 jackals (D:11)
  4 quokkas
  7 frilled lizards
  11 kobolds
  A quokka zombie (D:6)
  6 rats
273 creatures vanquished.

Vanquished Creatures (others)
  A quokka (D:6)
  2 fungi (Lair:4)
  2 plants
5 creatures vanquished.

Grand Total: 278 creatures vanquished

Notes
Turn   | Place    | Note
-------+----------+-------------------------------------------
     0 | D:1      | teukkam the Troll Monk began the quest for the Orb.
     0 | D:1      | Reached XP level 1. HP: 22/22 MP: 0/0
    78 | D:3      | Reached XP level 2. HP: 28/29 MP: 1/1
   111 | D:3      | Found a stormy altar of Qazlal.
   151 | D:3      | Noticed Grinder
   175 | D:3      | Paralysed by Grinder for 4 turns
   186 | D:2      | Reached skill level 3 in Fighting
   186 | D:2      | Reached XP level 3. HP: 14/37 MP: 2/2
   222 | D:3      | Noticed a scorpion
   226 | D:3      | Reached XP level 4. HP: 33/45 MP: 3/3
   231 | D:3      | Reached XP level 5. HP: 34/54 MP: 4/4
   442 | D:5      | Entered Level 5 of the Dungeon
   443 | D:5      | Reached skill level 4 in Fighting
   554 | D:5      | Noticed Blork the orc
   672 | D:5      | Killed Blork the orc
   672 | D:5      | Reached skill level 5 in Unarmed Combat
   672 | D:5      | Reached XP level 6. HP: 40/62 MP: 5/5
   844 | D:5      | Noticed Edmund
   887 | D:5      | Noticed Prince Ribbit
   935 | D:5      | Killed Prince Ribbit
   935 | D:5      | Reached skill level 5 in Fighting
   935 | D:5      | Reached XP level 7. HP: 9/72 MP: 6/6
  1218 | D:5      | Killed Edmund
  1233 | D:5      | Found a bloodstained altar of Trog.
  1386 | D:6      | Reached skill level 6 in Fighting
  1386 | D:6      | Reached XP level 8. HP: 62/83 MP: 7/7
  1791 | D:4      | Noticed Pikel
  2597 | D:4      | Noticed eyesofgods1's ghost (amateur DsTm)
  2786 | D:4      | Noticed Eustachio
  2787 | D:4      | Gained mutation: You possess an exceptional clarity of mind. [potion of mutation]
  2787 | D:4      | Gained mutation: You have large cloven feet. [potion of mutation]
  2787 | D:4      | Gained mutation: You are agile. (Dex +2) [potion of mutation]
  2787 | D:4      | Gained mutation: Your movements are slightly less encumbered by armour. (ER -2) [potion of mutation]
  2800 | D:4      | Killed Eustachio
  2880 | D:4      | Got a flickering platinum amulet
  2881 | D:4      | Identified the amulet "Rofoosiv" {Spirit *Drain MR+ Str+2} (You found it on level 4 of the Dungeon)
  2938 | D:4      | Noticed Menkaure
  2944 | D:4      | Killed Menkaure
  3474 | D:5      | Reached skill level 7 in Fighting
  3868 | D:6      | Found an ancient bone altar of Kikubaaqudgha.
  4090 | D:7      | Noticed a hippogriff
  4168 | D:6      | Found a white marble altar of Elyvilon.
  4310 | D:6      | Reached XP level 9. HP: 93/93 MP: 8/8
  4312 | D:6      | Found a staircase to the Ecumenical Temple.
  4496 | D:6      | Found a sparkling altar of Nemelex Xobeh.
  4499 | D:6      | Found a sacrificial altar of Ru.
  4503 | D:6      | Became a worshipper of Ru the Awakened
  4509 | D:6      | Found an iron altar of Okawaru.
  4577 | D:6      | Gained mutation: You cannot study or cast Air magic. [Ru sacrifice]
  4577 | D:6      | Gained mutation: You cannot study or cast Hexes magic. [Ru sacrifice]
  4577 | D:6      | Gained mutation: You cannot study or cast Summoning magic. [Ru sacrifice]
  4577 | D:6      | Reached * piety under Ru
  4667 | D:6      | Found a shattered altar of Ashenzari.
  4819 | D:8      | Reached skill level 8 in Fighting
  4821 | D:8      | Got an ichor-stained spear
  4823 | D:8      | Identified the +2 spear "Zuro" {pierce, +Blink MR+ Dex+4} (You found it on level 8 of the Dungeon)
  4849 | D:8      | Reached skill level 1 in Polearms
  4960 | D:8      | Noticed Exporg's ghost (novice TrFi)
  4980 | D:8      | Killed Exporg's ghost
  5099 | D:8      | Found an opulent altar of Gozag.
  5104 | D:8      | Found Gozag's Platinum Reserve.
  5144 | D:8      | Noticed a queen bee
  5237 | D:10     | Entered Level 10 of the Dungeon
  5288 | D:9      | Reached skill level 9 in Fighting
  5299 | D:9      | Reached XP level 10. HP: 81/107 MP: 9/9
  5405 | D:9      | Noticed eyesofgods1's ghost (novice DgGl)
  5406 | D:9      | Noticed Erica
  5421 | D:9      | Killed eyesofgods1's ghost
  5427 | D:9      | Killed Erica
  5427 | D:9      | Reached skill level 5 in Polearms
  6028 | D:10     | Noticed Josephine
  6141 | D:11     | Noticed a two-headed ogre
  6146 | D:11     | Noticed a sea snake
  6146 | D:11     | a two-headed ogre changed into a sea snake
  6154 | D:11     | Killed a sea snake
  6381 | D:10     | Killed Josephine
  6381 | D:10     | Reached skill level 10 in Fighting
  6586 | D:10     | Reached XP level 11. HP: 119/119 MP: 10/10
  6593 | D:10     | Noticed a two-headed ogre
  6602 | D:10     | Noticed a glowing shapeshifter
  6602 | D:10     | a two-headed ogre changed into a glowing shapeshifter
  6603 | D:10     | a glowing shapeshifter changed into a water nymph
  6797 | D:10     | Gained mutation: You cannot train Armour skill. [Ru sacrifice]
  6797 | D:10     | Reached ** piety under Ru
  7168 | D:10     | Got a fine dagger
  7169 | D:10     | Identified the cursed +0 dagger of Foyl {flame, rC+ Dex+5 Stlth+} (You found it on level 10 of the Dungeon)
  7773 | D:11     | Noticed a green ugly thing
  7817 | D:10     | Reached skill level 1 in Short Blades
  8178 | D:11     | Noticed a two-headed ogre
  8194 | D:11     | Killed a two-headed ogre
  8194 | D:11     | Reached skill level 11 in Fighting
  8283 | D:11     | Identified a scroll of acquirement
  8314 | D:11     | Noticed Erolcha
  8323 | D:11     | Noticed Erolcha
  8323 | D:11     | Erolcha changed into Erolcha the yak
  8329 | D:11     | Killed Erolcha the yak
  8410 | D:11     | Noticed an oklob plant
  8523 | D:11     | Found a staircase to the Lair.
  8545 | D:11     | Killed an oklob plant
  8609 | Lair:1   | Entered Level 1 of the Lair of Beasts
  8760 | Lair:4   | Noticed a five-headed hydra
  8864 | Lair:3   | Gained mutation: You are somewhat inexperienced. (-2 XL) [Ru sacrifice]
  8864 | Lair:3   | Reached XP level 10. HP: 115/115 MP: 9/9
  8864 | Lair:3   | Reached XP level 9. HP: 106/106 MP: 8/8
  8864 | Lair:3   | Reached *** piety under Ru
  8864 | Lair:3   | Reached **** piety under Ru
  8917 | Lair:3   | Noticed a komodo dragon
  8929 | Lair:3   | Killed a komodo dragon
  8929 | Lair:3   | Reached XP level 10. HP: 36/115 MP: 3/9
  9064 | Lair:4   | Reached skill level 5 in Short Blades
  9128 | Lair:4   | Found a staircase to the Snake Pit.
  9707 | Lair:4   | Noticed a spiny frog
  9717 | Lair:5   | Killed a spiny frog
  9887 | Lair:6   | Entered Level 6 of the Lair of Beasts
  9893 | Lair:5   | Noticed a death yak
  9893 | Lair:5   | Noticed a death yak
  9903 | Lair:6   | Reached skill level 12 in Fighting
  9919 | Lair:5   | Noticed a black mamba
  9919 | Lair:5   | Noticed a fire crab
  9935 | Lair:5   | Killed a black mamba
  9940 | Lair:5   | Killed a fire crab
  9940 | Lair:5   | Engulfed by a cloud of flame

Skill      XL: |  1  2  3  4  5  6  7  8  9 10 11 |
---------------+----------------------------------+-----
Fighting       | 3 4 5 6 7 9 12 11 | 12.1
Unarmed Combat | 4 5 6 7 9 |  9.5
Polearms       | 3 6 7 |  7.1
Short Blades   | 5 4 |  5.9
Dodging        | |  2.4
Stealth        | |  1.0

Action                   |  1- 3 |  4- 6 |  7- 9 | 10-12 || total
-------------------------+-------+-------+-------+-------++-------
Melee: Unarmed           |    47 |   108 |   288 |   315 ||   758
       Punch             |     2 |     3 |    12 |    14 ||    31
       Kick              |       |       |    74 |   147 ||   221
       Spear             |       |       |    27 |       ||    27
       Dagger            |       |       |       |    39 ||    39
 Fire: Hunting sling     |       |       |    28 |    25 ||    53
Throw: Large rock        |       |       |       |     5 ||     5
       Stone             |       |       |       |     1 ||     1
Invok: Sacrifice Arcana  |       |       |     1 |       ||     1
       Sacrifice Experie |       |       |     1 |       ||     1
       Sacrifice Durabil |       |       |       |     1 ||     1
 Abil: Evoke Blink       |       |       |       |     1 ||     1
Evoke: Wand              |       |     5 |     7 |    11 ||    23
  Use: Potion            |       |     2 |     5 |     7 ||    14
       Scroll            |       |       |     9 |     7 ||    16
 Stab: Sleeping          |     1 |       |     7 |     2 ||    10
       Invisible         |       |       |       |     3 ||     3
  Eat: Chunk             |     4 |    10 |    36 |    39 ||    89
       Ration            |       |       |       |     1 ||     1
Armor: Robe              |    43 |    24 |    80 |    64 ||   211
       Skin              |       |       |       |    15 ||    15
Dodge: Dodged            |    42 |    47 |   164 |   149 ||   402
       Deflected         |       |     1 |     1 |       ||     2
Block: Shield            |       |       |     1 |    60 ||    61
